AoeStats
← pinyouli

QS Arena

503430180Analyzed
1v1 RM · 1mo ago on Aug 31, 2026· 20m 25s· 2 players
Game mode
Random Map
Map size
Tiny (2 player)
Population
200
Speed
Normal
Resources
Standard
Victory
Conquest
Starting age
Dark Age
Ending age
Imperial Age
RankedLock teamsTeams togetherTeam positionsShared explorationLock speedFull tech treeHidden civsTurbo modeCheats
Victory
Defeat
🇨🇿 Khmer · Czechia
993
+14
🇹🇼 Lithuanians · Taiwan
955
-42
pinyouli
7:43 Loom
10:02 Feudal Age
10:54 Horse Collar
11:05 Double-Bit Axe
20:02 Castle Age
Slanda_CZ
8:08 Feudal Age
11:19 Castle Age
10:06 Loom
11:43 Horse Collar
Connection lost

Rejoining the realm…

Still unreachable

The connection could not be restored.

Session expired

The server has moved on; the page needs a fresh start.